 Dungeon Crawl Stone Soup version 0.29.1-1-gd02db6906a (webtiles) character file.

Game seed: 13681517701869552430

1976 Icepheonix32 the Changer (level 9, -2/61 HPs)
             Began as a Merfolk Transmuter on Oct 3, 2022.
             Was an Initiate of Wu Jian.
             Succumbed to a water moccasin's poison
             ... on level 7 of the Dungeon.
             The game lasted 00:11:24 (9501 turns).

Icepheonix32 the Changer (Merfolk Transmuter)       Turns: 9501, Time: 00:11:24

Health: -2/61      AC:  2    Str:  9    XL:     9   Next: 20%
Magic:  14/14      EV: 22    Int: 21    God:    Wu Jian [......]
Gold:   331        SH:  0    Dex: 18    Spells: 5/15 levels left

rFire   . . .      SeeInvis .     - Unarmed
rCold   . . .      Faith    .   (shield currently unavailable)
rNeg    . . .      Spirit   .   (body armour currently unavailable)
rPois   x          Reflect  .   (helmet currently unavailable)
rElec   .          Harm     .   (cloak currently unavailable)
rCorr   +          Rampage  .   (gloves currently unavailable)
Will    .....                   (boots currently unavailable)
Stlth   ++........              q - amulet of the acrobat
HPRegen 0.20/turn               x - +4 ring of slaying
MPRegen 0.14/turn               z - ring of resist corrosion

@: lethally poisoned (-2 -> -27), spider-form
A: venomous fangs, tiny, (nimble swimmer 2), (mertail), clever 1, wild magic 1
a: End Transformation, Renounce Religion


You were on level 7 of the Dungeon.
You worshipped Wu Jian.
Wu Jian was noncommittal.
You were a venomous arachnid creature.
You visited 2 branches of the dungeon, and saw 8 of its levels.

You collected 331 gold pieces.

Inventory:

Hand Weapons
 v - a +2 mace of draining
 y - a +4 hand axe
Armour
 a - a +0 robe
 d - a +0 cloak (melded)
 n - a +0 pair of gloves (melded)
 s - a +2 leather armour of fire resistance (melded)
Jewellery
 p - the ring of Limpiob {Fly rN+ Str-3 SInv}
   (You took it off an orc priest on level 4 of the Dungeon)

   [ring of flight]

   Str:       It affects your strength (-3).
   rN:        It protects you from negative energy.
   SInv:      It lets you see invisible.
   Fly:       It grants you flight.
 q - an amulet of the acrobat (around neck)
 t - the ring "Gunikenk" {rF- MP+9 Int-3 Dex+6 Stlth+}
   (You found it on level 4 of the Dungeon)

   [ring of dexterity]

   Int:       It affects your intelligence (-3).
   Dex:       It affects your dexterity (+6).
   rF:        It makes you vulnerable to fire.
   MP:        It affects your magic capacity (+9).
   Stlth:     It makes you more stealthy.
 x - a +4 ring of slaying (left front leg)
 z - a ring of resist corrosion (right front leg)
 A - a ring of protection from fire
Wands
 l - a wand of flame (28)
Scrolls
 h - 2 scrolls of enchant weapon
 k - 2 scrolls of blinking
 o - a scroll of immolation
 r - 5 scrolls of identify
 w - 3 scrolls of teleportation
Potions
 b - a potion of lignification
 c - a potion of mutation
 e - a potion of magic
 f - 4 potions of attraction
 g - 3 potions of might
 i - 2 potions of haste
 j - 2 potions of brilliance
 u - 2 potions of flight


   Skills:
 + Level 2.3 Fighting
 + Level 1.5 Armour
 + Level 5.2 Dodging
 + Level 1.6 Stealth
 + Level 6.7 Unarmed Combat
 + Level 3.8 Spellcasting
 * Level 7.7 Transmutations
 * Level 4.3 Ice Magic
 * Level 4.8 Poison Magic


You had 5 spell levels left.
You knew the following spells:

 Your Spells              Type           Power      Damage    Failure   Level
a - Beastly Appendage     Tmut           94%        N/A       6%          1
b - Wereblood             Tmut           47%        N/A       8%          2
c - Spider Form           Tmut/Pois      39%        N/A       14%         3
d - Ice Form              Ice/Tmut       38%        N/A       34%         4

Your spell library contained the following spells:

 Spells                   Type           Power      Damage    Failure   Level
 Slow                     Hex            20%        N/A       36%         1
 Sublimation of Blood     Necr           5%         N/A       47%         2
 Petrify                  Tmut/Erth      26%        N/A       56%         4
 Confusing Touch          Hex            5%         N/A       67%         3
 Vampiric Draining        Necr           5%         2d6       67%         3
 Irradiate                Conj/Tmut      13%        3d16      83%         5
 Fireball                 Conj/Fire      2%         3d4       99%         5
 Iskenderun's Battlesphe  Conj           5%         2d6       99%         5
 Conjure Ball Lightning   Conj/Air       2%         3x3d6     100%        6
 Orb of Destruction       Conj           2%         9d5       100%        7


Dungeon Overview and Level Annotations

Branches:
Dungeon (7/15)             Temple (1/1) D:6

Altars:
Ashenzari
Cheibriados
Dithmenos
Elyvilon
Fedhas
Gozag
Hepliaklqana
Kikubaaqudgha
Makhleb
Okawaru
Ru
Uskayaw
Vehumet
Wu Jian
Xom
Yredelemnul
Zin
The Shining One

Shops:
D:1 (   D:3 *

Annotations:
D:4 4 runed translucent doors


Innate Abilities, Weirdness & Mutations

You are a venomous arachnid creature.
You have poisonous fangs.
You are tiny and dextrous.
Your spellcasting is less reliable in this form.
Your armour is entirely melded.
You are incapable of wielding weapons or throwing items.
((You are very nimble when in or above water. (Stealth+, EV+, Speed+++)))
((Your lower body shifts to a powerful aquatic tail in water.))
Your mind is acute. (Int +4, Str/Dex -1)
Your spells are a little harder to cast, but a little more powerful.


Message History

You kill the orc wizard!
The Council accepts your kill.
You hit the water moccasin.
The water moccasin is lightly wounded.
The water moccasin bites you.
You are poisoned.
The water moccasin poisons you!
The water moccasin completely misses you.
You closely miss the water moccasin.
The water moccasin is lightly wounded.
You feel extremely sick. The water moccasin misses you.
You bite the water moccasin!
The water moccasin is poisoned.
The water moccasin is moderately wounded.
You feel very sick.
The water moccasin completely misses you.
You hit the water moccasin but do no damage.
The water moccasin is moderately wounded.
You feel very sick. The water moccasin bites you.
You are lethally poisoned!
The water moccasin poisons you!
You barely miss the water moccasin.
The water moccasin is moderately wounded.
* * * LOW HITPOINT WARNING * * *
You feel extremely sick.
The water moccasin completely misses you.
You closely miss the water moccasin.
The water moccasin is moderately wounded.
* * * LOW HITPOINT WARNING * * *
You feel extremely sick. The water moccasin misses you. x2
You hit the water moccasin.
The water moccasin is heavily wounded.
* * * LOW HITPOINT WARNING * * *
You feel very sick.
The water moccasin completely misses you.
You hit the water moccasin.
The water moccasin is severely wounded.
You die...

..##############
...............#
#########...####.#
#8##<.......<..#.#
.....#.......#.#.#
.....#.......#.#.#
.....#.##...##.#.#
#8#......>.....#s#
####.####...####S#
#...........oo#
#####.......###
..........#
###.......#
#.......#
##.......#
........##


You could see a water moccasin (very poisoned) and 2 orcs.

Vanquished Creatures
  A steam dragon (D:7)
  2 water moccasins
  2 sky beasts
  An ice beast (D:6)
  An ogre (D:5)
  A centaur (D:5)
  A bullfrog (D:7)
  A scorpion (D:7)
  5 wights (D:7)
  5 killer bees (D:7)
  4 hounds
  4 orc priests
  A gnoll bouda (D:7)
  2 iguanas
  2 orc wizards
  6 gnolls
  4 adders
  2 shadow imps
  A white imp (D:7)
  2 ufetubi
  3 worms
  A dart slug (D:1)
  17 orcs
  10 ball pythons
  8 endoplasms
  8 giant cockroaches
  6 goblins
  6 hobgoblins
  10 kobolds
  5 quokkas
  2 bats
  10 frilled lizards
  3 rats
137 creatures vanquished.

Vanquished Creatures (others)
  An orc (D:7)
  A plant (D:4)
2 creatures vanquished.

Grand Total: 139 creatures vanquished

Notes
Turn   | Place    | Note
-------+----------+-------------------------------------------
     0 | D:1      | Icepheonix32 the Merfolk Transmuter began the quest for the
                  | Orb.
     0 | D:1      | Reached XP level 1. HP: 15/15 MP: 3/3
   177 | D:1      | Reached skill level 3 in Transmutations
   177 | D:1      | Reached XP level 2. HP: 16/21 MP: 1/5
   658 | D:1      | Found a faded altar of an unknown god.
   788 | D:1      | Reached XP level 3. HP: 19/26 MP: 4/6
   925 | D:1      | Found Qeiskuhi's Weapon Emporium.
  1647 | D:2      | Found a shimmering altar of Xom.
  1752 | D:2      | Reached skill level 4 in Transmutations
  1936 | D:2      | Reached XP level 4. HP: 28/32 MP: 5/7
  2529 | D:2      | Gained mutation: Your mind is acute. (Int +4, Str/Dex -1)
                  | [potion of mutation]
  2529 | D:2      | Gained mutation: Your spells are a little harder to cast,
                  | but a little more powerful. [potion of mutation]
  2536 | D:2      | Learned a level 2 spell: Wereblood
  2540 | D:2      | Learned a level 3 spell: Spider Form
  2566 | D:3      | Found Jiasio's General Store.
  3051 | D:3      | Reached XP level 5. HP: 34/37 MP: 8/8
  3125 | D:3      | Found an ancient bone altar of Kikubaaqudgha.
  3952 | D:4      | Found a snail-covered altar of Cheibriados.
  3972 | D:4      | Noticed a sky beast
  3999 | D:4      | Killed a sky beast
  4000 | D:4      | Reached skill level 1 in Poison Magic
  4000 | D:4      | Reached XP level 6. HP: 24/43 MP: 6/9
  4252 | D:4      | Found a large runed translucent door.
  4252 | D:4      | Found a large runed translucent door.
  4271 | D:4      | Reached skill level 1 in Stealth
  4447 | D:4      | Identified the ring of Limpiob {Fly rN+ Str-3 SInv}
  4457 | D:4      | Reached skill level 5 in Unarmed Combat
  4457 | D:4      | Reached skill level 5 in Transmutations
  4619 | D:4      | Noticed a black bear
  4650 | D:4      | Found a large runed translucent door.
  4650 | D:4      | Found a large runed translucent door.
  5138 | D:4      | Identified the ring "Gunikenk" {rF- MP+9 Int-3 Dex+6
                  | Stlth+}
  5237 | D:4      | Found a burning altar of Makhleb.
  5237 | D:4      | Noticed a balrug
  5347 | D:4      | Noticed an orange demon
  5347 | D:4      | Noticed a hellwing
  5720 | D:5      | Entered Level 5 of the Dungeon
  5797 | D:5      | Learned a level 4 spell: Ice Form
  6058 | D:5      | Reached XP level 7. HP: 50/50 MP: 6/11
  6128 | D:5      | Reached skill level 1 in Ice Magic
  6665 | D:5      | Reached skill level 6 in Transmutations
  7161 | D:6      | Found a staircase to the Ecumenical Temple.
  7260 | Temple   | Entered the Ecumenical Temple
  7383 | Temple   | Became a worshipper of the Wu Jian Council
  7454 | D:6      | Reached XP level 8. HP: 52/56 MP: 10/12
  7585 | D:6      | Reached skill level 1 in Armour
  7731 | D:6      | Found a runed translucent door.
  7734 | D:6      | Found a basalt altar of Yredelemnul.
  8019 | D:6      | Found an opulent altar of Gozag.
  8114 | D:6      | Found a glowing golden altar of the Shining One.
  8301 | D:7      | Reached skill level 7 in Transmutations
  8575 | D:7      | Reached skill level 5 in Dodging
  8995 | D:7      | Reached XP level 9. HP: 59/61 MP: 12/14
  9500 | D:7      | HP: 3/61 [poisoned by a water moccasin]
  9501 | D:7      | Succumbed to a water moccasin's poison

Illustrated notes

Levels and vault maps discovered:
D:1:      wander_arrival_lonely_grave, layout_loops_ring,
          nicolae_ecumenical_snake_handling, serial_shops,
          nicolae_shop_bloodbath_and_beyond, chequers_garden, patterned_corridor
D:2:      layout_basic, basic_altar
D:3:      layout_basic, mainiacjoe_overflow_paths, serial_shops,
          nicolae_shop_crystal
D:4:      layout_loops_corners, makhleb_altar_promises_db, cheibriados_altar_2,
          serial_bayou, serial_bayou_pond_d, serial_bayou_pond_e,
          serial_bayou_pond_d, serial_bayou_crossing,
          minmay_hollow_rounded_squares
D:5:      layout_basic
D:6:      layout_loops_ring, kennysheep_mini_moat,
          mainiacjoe_overflow_small_starburst, dk_yredelemnul_ordeal,
          minmay_temple_entry_large_hall
D:7:      layout_basic, serial_corexii_hall, chequers_hall_statues_wall_a,
          corexii_hall_statues_x
Temple:   chequers_temple_sunken

Skill      XL: |  1  2  3  4  5  6  7  8 |
---------------+-------------------------+-----
Transmutations | 3 4 5 6 7 |  7.7
Unarmed Combat | 4 5 6 |  6.7
Dodging        | 3 4 5 |  5.2
Poison Magic   | 1 2 3 4 |  4.8
Stealth        | 1 |  1.6
Fighting       | 2 |  2.3
Ice Magic      | 1 4 |  4.3
Spellcasting   | 3 |  3.8
Armour         | 1 |  1.5

Action                   |  1- 3 |  4- 6 |  7- 9 || total
-------------------------+-------+-------+-------++-------
Melee: Unarmed           |   103 |   251 |   160 ||   514
       Headbutt          |    16 |    22 |    17 ||    55
       Punch             |     3 |     8 |     4 ||    15
       Tailslap          |       |     2 |       ||     2
 Cast: Beastly Appendage |    29 |    22 |    15 ||    66
       Wereblood         |       |     2 |     3 ||     5
       Spider Form       |       |     2 |     4 ||     6
       Ice Form          |       |       |     1 ||     1
Invok: Lunge             |       |       |    10 ||    10
  Use: Scroll            |     5 |     6 |     2 ||    13
       Potion            |       |     6 |     3 ||     9
 Stab: Sleeping          |     3 |     1 |     1 ||     5
       Distracted        |       |     1 |       ||     1
Armor: Robe              |    11 |    35 |       ||    46
       Skin              |       |     1 |     2 ||     3
       Leather armour    |       |    18 |    31 ||    49
Dodge: Dodged            |    58 |   129 |   145 ||   332
